 Dungeon Crawl Stone Soup version 0.30-a0-737-gf23d94013f (webtiles) character file.

Game seed: 809996745610237038

139 Chromium the Covered (level 5, 0/48 HPs)
             Began as an Armataur Fighter on Feb 1, 2023.
             Killed by divine providence
             ... invoked by an orc priest
              (13 damage)
             ... on level 3 of the Dungeon.
             The game lasted 00:06:55 (2436 turns).

Chromium the Covered (Armataur Fighter)             Turns: 2436, Time: 00:06:56

Health: 0/48       AC: 12    Str: 23    XL:     5   Next: 1%
Magic:  5/5        EV:  5    Int:  9    God:
Gold:   123        SH:  0    Dex:  9    Spells: 4/4 levels left

rFire   . . .      SeeInvis .    a - +1 long sword
rCold   . . .      Faith    .    c - +0 buckler
rNeg    . . .      Spirit   .    b - +0 scale mail
rPois   +          Reflect  .    (no helmet)
rElec   .          Harm     .    (no cloak)
rCorr   .          Roll     +    (no gloves)
Will    .....                    n - +0 barding Stlth
                                 g - amulet of regeneration
HPRegen 1.08/turn                h - ring of poison resistance
MPRegen 0.09/turn                (no ring)

@: confused
A: large, rugged brown scales 3, deformed body, armoured tail, roll, long
tongue, awkward tongue
a: no special abilities


You were on level 3 of the Dungeon.
You visited 1 branch of the dungeon, and saw 3 of its levels.

You collected 141 gold pieces.
You spent 18 gold pieces at shops.

Inventory:

Hand Weapons
 a - a +1 long sword (weapon)
Armour
 b - a +0 scale mail (worn)
 c - a +0 buckler (worn)
 n - a +0 barding (worn)
Jewellery
 g - an amulet of regeneration (around neck)
 h - a ring of poison resistance (left hand)
Scrolls
 j - a scroll of magic mapping
 k - a scroll of teleportation
 l - a scroll of amnesia
Potions
 d - 2 potions of might
 e - a potion of invisibility
 f - a potion of heal wounds
 i - 2 potions of curing
 m - a potion of brilliance {unknown}
 o - a potion of magic {unknown}


   Skills:
 + Level 3.2 Fighting
 + Level 3.0 Long Blades
 + Level 4.9 Armour
 + Level 0.7 Dodging
 + Level 0.2 Stealth
 + Level 3.7 Shields


You had 4 spell levels left.
You didn't know any spells.
Your spell library was empty.

Dungeon Overview and Level Annotations

Branches:
Dungeon (3/15)

Altars:

Shops:
D:1 *


Innate Abilities, Weirdness & Mutations

You are completely covered in rugged brown scales. (AC +3, +7% HP)
Armour fits poorly on your strangely shaped body.
You have a long armoured tail.
You roll when moving toward enemies. (Rampage)
Your long tongue fully drains potion bottles. (2x potion effects)
Your tongue gives you trouble enunciating. (1.5x scroll delay)


Message History

The orc wizard hits you but does no damage.
The orc hits you but does no damage.
The orc priest hits you with a +0 flail.
You hit the orc priest but do no damage.
The orc wizard hits you but does no damage.
The orc priest barely misses you. The orc hits you with a +0 flail.
You hit the orc priest.
Your tail-slap misses the orc priest.
The orc priest is lightly wounded.
The orc wizard hits you but does no damage.
The orc priest hits you but does no damage.
The orc hits you but does no damage.
You barely miss the orc priest.
The orc priest is lightly wounded.
The orc wizard gestures at you while chanting.
You are confused.
The orc barely misses you.
The orc priest calls down the wrath of Beogh upon you.
Beogh smites you! The orc hits you but does no damage.
The orc priest invokes the aid of Beogh against you.
Pain shoots through your body!
The orc wizard hits you but does no damage.
The orc priest hits you with a +0 flail.
Things that are here:
a +0 dagger; a +0 leather armour; an orc corpse You completely miss the orc priest.
The orc priest is lightly wounded.
The orc priest looks encouraged for a moment.
You bump into the rock wall.
The orc wizard points at you and mumbles some strange words.
The puff of flame hits you but does no damage.
The orc hits you with a +0 flail.
The orc priest calls upon Beogh to heal the orc.
The orc's wounds heal themselves!
You bump into the rock wall.
The orc wizard hits you but does no damage.
The orc hits you with a +0 flail.
* * * LOW HITPOINT WARNING * * *
The orc priest calls down the wrath of Beogh upon you.
Beogh smites you!
You die...

..#....##########.
..#.#### #..... #.#.#
#..... . # #.#.#######
#..... ..#. #.#.......#
#####. ....<##.#####.###
#. #...........# #####
...##.#o############....
#....o@o...............
####.#.############.###
.....# #.# # ####.####
#.# # #....# #.# #
#####.#.## #.# #+#
♣P~##....#### #.# ~~♣
♣~).......######.##
♣~♣#♣)#...............##


You could see an orc priest, an orc wizard and an orc.

Vanquished Creatures
  A jelly (D:3)
  3 adders (D:3)
  3 worms (D:2)
  A dart slug (D:1)
  6 orcs (D:3)
  7 ball pythons
  7 endoplasms
  3 giant cockroaches
  3 goblins
  6 hobgoblins
  4 jackals (D:1)
  3 kobolds
  4 quokkas
  4 bats
  3 frilled lizards
  2 rats
60 creatures vanquished.

Vanquished Creatures (others)
  A fungus (D:3)
1 creature vanquished.

Grand Total: 61 creatures vanquished

Notes
Turn   | Place    | Note
-------+----------+-------------------------------------------
     0 | D:1      | Chromium the Armataur Fighter began the quest for the Orb.
     0 | D:1      | Reached XP level 1. HP: 19/19 MP: 1/1
   169 | D:1      | Reached XP level 2. HP: 27/27 MP: 2/2
   707 | D:1      | Reached skill level 4 in Armour
   748 | D:1      | Found Bialen's Assorted Antiques.
   751 | D:1      | Bought a scroll labelled GYVAMUAJUD for 18 gold pieces
  1150 | D:2      | Reached XP level 3. HP: 32/33 MP: 3/3
  2014 | D:3      | Reached XP level 4. HP: 38/40 MP: 4/4
  2086 | D:3      | Found a faded altar of an unknown god.
  2421 | D:3      | Reached XP level 5. HP: 47/48 MP: 5/5
  2436 | D:3      | Killed from afar by an orc priest

Illustrated notes

Levels and vault maps discovered:
D:1:      matt_arrival_refuge, layout_basic, serial_shops, shop,
          grunt_decor_one_mirror
D:2:      layout_basic
D:3:      layout_basic, dreamdust_ecumenical_altar_grove,
          lightli_sewer_entry_pipes, saegor_snake_ambush

Skill      XL: |  1  2  3  4 |
---------------+-------------+-----
Fighting       | 3 |  3.2
Long Blades    | 2 3 |  3.0
Armour         | 4 |  4.9
Dodging        | |  0.7
Stealth        | |  0.2
Shields        | |  3.7

Action                     |  1- 3 |  4- 6 || total
---------------------------+-------+-------++-------
  Melee: Long sword        |   132 |    63 ||   195
         Tailslap          |    20 |     8 ||    28
    Use: Scroll            |     9 |     1 ||    10
         Potion            |     1 |       ||     1
 Armour: Scale mail        |   109 |    54 ||   163
  Dodge: Dodged            |    59 |    15 ||    74
  Block: Buckler           |    38 |    14 ||    52

Table legend: (Time is in decaauts)
 A = Elapsed time spent in this place.
 B = Non-inter-level travel time spent in this place.
 C = Inter-level travel time spent in this place.
 D = Time resting spent in this place.
 E = Time spent auto-exploring this place.
 F = Levels seen in this place.
 G = Mean time per level.
                   A        B        C        D        E       F      G
               +--------+--------+--------+--------+--------+-----+--------+
         Total |   2484 |   1843 |    641 |      0 |   1366 |   3 |  828.0 |
       Dungeon |   2484 |   1843 |    641 |      0 |   1366 |   3 |  828.0 |
               +--------+--------+--------+--------+--------+-----+--------+

Top non-repeatable levels by time:
     D:1: 1067 daAuts
     D:2: 789 daAuts
     D:3: 628 daAuts
